 Dungeon Crawl Stone Soup version 0.24-a0-618-ge4662a2 (console) character file.

Game seed: 6849695562141274994, levelgen mode: deterministic

480 vegansnacktivist the Covert (level 7, 0/43 HPs)
             Began as an Octopode Transmuter on Sept 15, 2019.
             Slain by a phantom (9 damage)
             ... on level 4 of the Dungeon.
             The game lasted 00:06:13 (5588 turns).

vegansnacktivist the Covert (Octopode Transmuter)   Turns: 5588, Time: 00:06:13

Health: 0/43       AC:  1    Str: 12    XL:     7   Next: 12%
Magic:  1/10       EV: 13    Int: 15    God:
Gold:   124        SH:  0    Dex: 12    Spells: 4/10 levels left

rFire    . . .     SeeInvis .     - Unarmed
rCold    . . .     Gourm    .   (no shield)
rNeg     + . .     Faith    .   (helmet restricted)
rPois    .         Spirit   .   (no amulet)
rElec    .         Reflect  .   g - ring of positive energy
rCorr    .         Harm     .   h - ring of flight
MR       .....                  (no ring)
Stlth    +++++.....             (no ring)
HPRegen  0.14/turn              (no ring)
MPRegen  0.12/turn              (no ring)
                                (no ring)
                                (no ring)

@: no status effects
A: almost no armour, stealthy swim, amphibious, 8 rings, constrict 8, camouflage
1, gelatinous body 1
a: Evoke Flight


You were on level 4 of the Dungeon.
You were hungry.

You visited 1 branch of the dungeon, and saw 4 of its levels.
You also visited: Sewer.

You collected 124 gold pieces.

Inventory:

Missiles
 a - 40 arrows
Jewellery
 g - a ring of positive energy (left tentacle)
 h - a ring of flight (right tentacle)
Scrolls
 e - 3 scrolls of identify
 l - 2 scrolls of enchant armour
 m - a scroll of teleportation
Potions
 b - 4 potions of flight
 d - 4 potions of heal wounds {unknown}
 f - 9 potions of curing
 i - 2 potions of agility {unknown}
 j - 2 potions of lignification {unknown}
 k - a potion of brilliance {unknown}
Comestibles
 c - 4 rations


   Skills:
 - Level 1.0 Fighting
 - Level 2.0 Dodging
 - Level 8.1 Stealth
 + Level 5.2 Unarmed Combat
 - Level 2.0 Spellcasting
 - Level 2.0 Transmutations


You had 4 spell levels left.
You knew the following spells:

 Your Spells              Type           Power        Failure   Level  Hunger
a - Beastly Appendage     Tmut           #.....       10%         1    #......
b - Sticks to Snakes      Tmut           #.......     14%         2    ###....
c - Spider Form           Tmut/Pois      #.........   41%         3    ###....

Your spell library contained the following spells:

 Spells                   Type           Power        Failure   Level  Hunger
 Ice Form                 Ice/Tmut       #.......     82%         4    #####..
 Blade Hands              Tmut           #.........   95%         5    ######.


Dungeon Overview and Level Annotations

Branches:
Dungeon (4/15)              Sewer (visited)
 Temple: D:4-7

Altars:
Gozag
Sif Muna
Trog
Yredelemnul


Innate Abilities, Weirdness & Mutations

You cannot wear most types of armour.
You are very stealthy in the water. (Stealth+)
You are amphibious.
You can wear up to eight rings at the same time.
You can use your tentacles to constrict eight enemies at once.
Your skin changes colour to match your surroundings (Stealth+).
Your rubbery body absorbs attacks. (AC +1, EV +1)


Message History

* * * LOW HITPOINT WARNING * * *
Your ball python completely misses the phantom.
Your ball python misses the phantom.
You closely miss the phantom.
The phantom is lightly damaged.
Your ball python barely misses the phantom.
The phantom barely misses you.
Your ball python bites the phantom but does no damage.
You closely miss the phantom. You squeeze the phantom.
The phantom is moderately damaged.
Your ball python closely misses the phantom.
The phantom hits you.
* * * LOW HITPOINT WARNING * * *
Your ball python bites the phantom.
You closely miss the phantom.
The phantom is moderately damaged.
Your ball python bites the phantom but does no damage.
Your ball python closely misses the phantom.
The phantom hits you!
You die...

#######.##.######....... #
#.##.#....[..... .
#######.##..#.###..###..#
...........###.........#
##......##..#..##..#####
#.####.##.#.#.##..# # ##.##
#.##.#.#.##..#######.!..
#...###.##......SS...........#
........##.....S@W.###........
#...######....###### #.##.###.
##.## #....## #.# # #.# #.....
#.# #.. .....## #.# ### ###...
..# #... ... #.#.


You could see a phantom and 3 friendly ball pythons.

Vanquished Creatures
  2 big kobolds (Sewer)
  A hound (D:3)
  2 worker ants (D:4)
  6 adders
  5 river rats (Sewer)
  4 worms
  A dart slug (D:3)
  8 leopard geckos
  4 orcs (D:3)
  7 bats
  4 giant cockroaches
  5 goblins
  8 hobgoblins
  11 jackals
  20 kobolds
  8 ball pythons
  7 frilled lizards
  30 rats
133 creatures vanquished.

Vanquished Creatures (collateral kills)
  An orc wizard (D:3)
  An orc (D:3)
  A rat (Sewer)
3 creatures vanquished.

Grand Total: 136 creatures vanquished

Notes
Turn   | Place    | Note
-------+----------+-------------------------------------------
     0 | D:1      | vegansnacktivist the Octopode Transmuter began the quest
                  | for the Orb.
     0 | D:1      | Reached XP level 1. HP: 13/13 MP: 3/3
   188 | D:1      | Reached skill level 1 in Stealth
   200 | D:1      | Reached skill level 2 in Stealth
   637 | D:1      | Reached XP level 2. HP: 14/18 MP: 5/5
   700 | D:1      | Reached skill level 3 in Stealth
   819 | D:1      | Reached XP level 3. HP: 7/23 MP: 4/6
  1100 | D:1      | Reached skill level 4 in Stealth
  2091 | D:2      | Found an opulent altar of Gozag.
  2094 | D:2      | Reached skill level 5 in Stealth
  2094 | D:2      | Reached XP level 4. HP: 28/28 MP: 7/7
  2110 | D:2      | Found a bloodstained altar of Trog.
  2122 | D:2      | Found a basalt altar of Yredelemnul.
  2410 | D:2      | Found a shimmering blue altar of Sif Muna.
  2798 | D:3      | Reached skill level 6 in Stealth
  2804 | D:3      | Learned a level 2 spell: Sticks to Snakes
  2809 | D:3      | Reached XP level 5. HP: 13/33 MP: 1/8
  3021 | D:3      | Found a glowing drain.
  3030 | D:3      | Learned a level 3 spell: Spider Form
  3074 | D:3      | Reached skill level 7 in Stealth
  3082 | Sewer    | Entered a sewer
  3205 | Sewer    | HP: 1/33 [rat (1)]
  3213 | Sewer    | Reached skill level 8 in Stealth
  3609 | Sewer    | Reached XP level 6. HP: 34/38 MP: 9/9
  4810 | D:3      | Reached XP level 7. HP: 39/43 MP: 10/10
  5136 | D:4      | Reached skill level 5 in Unarmed Combat
  5588 | D:4      | Slain by a phantom

Levels and vault maps discovered:
D:1:      lemuel_arrival_rhombus, layout_basic, supply_closet_lemuel,
          minmay_tromino_v7
D:2:      layout_loops_ring, grunt_temple_overflow_cloverleaf
D:3:      layout_loops_corners, portal_sewer_entry_f
D:4:      layout_loops_ring, minmay_temple_entry_stoned_glass, serial_shops,
          shop, minmay_quadrilaterals

Skill      XL: |  1  2  3  4  5  6  7 |
---------------+----------------------+-----
Stealth        | 2 3 5 6 8 |  8.1
Unarmed Combat | 4 5 |  5.2
Fighting       | |  1.0
Dodging        | |  2.0
Spellcasting   | |  2.0
Transmutations | |  2.0

Action                   |  1- 3 |  4- 6 |  7- 9 || total
-------------------------+-------+-------+-------++-------
Melee: Unarmed           |    80 |   205 |    17 ||   302
       Constrict         |    21 |    44 |     2 ||    67
       Tentacles         |    10 |    30 |     3 ||    43
       Kick              |     3 |    11 |       ||    14
       Punch             |       |     2 |       ||     2
 Cast: Beastly Appendage |     4 |     4 |     2 ||    10
       Sticks to Snakes  |       |     4 |     6 ||    10
       Spider Form       |       |     4 |       ||     4
  Use: Potion            |       |     1 |       ||     1
       Scroll            |       |     3 |       ||     3
 Stab: Sleeping          |    13 |    26 |     1 ||    40
  Eat: Chunk             |     3 |     7 |     2 ||    12
       Ration            |       |     1 |       ||     1
Armor: Skin              |    13 |    12 |     1 ||    26
Dodge: Dodged            |    50 |   173 |     4 ||   227

Table legend:
 A = Non-vault XP
 B = Vault XP
 C = Vault XP percentage of total XP
 D = Non-vault monster count
 E = Vault monster count
 F = Vault count percentage of total count
                 A         B        C        D         E       F
            +---------+---------+-------+---------+---------+-------
      Total |     346 |     341 |  49.6 |      80 |      56 |  41.2
            +---------+---------+-------+---------+---------+-------
        D:1 |      37 |       3 |   7.5 |      22 |       2 |   8.3
        D:2 |      89 |       0 |   0.0 |      27 |       0 |   0.0
        D:3 |     154 |      16 |   9.4 |      29 |       6 |  17.1
        D:4 |      66 |       0 |   0.0 |       2 |       0 |   0.0
      Sewer |       0 |     322 | 100.0 |       0 |      48 | 100.0
            +---------+---------+-------+---------+---------+-------
